 Dungeon Crawl Stone Soup version 0.30.0-5-g1a98f26d00 (webtiles) character file.

Game seed: 13910332027466083900

190 hogiebunz the Charlatan (level 5, -6/57 HPs)
             Began as a Gnoll Wanderer on May 8, 2023.
             Mangled by an ogre
             ... wielding a +0 giant club
              (10 damage)
             ... on level 5 of the Dungeon.
             The game lasted 00:10:51 (2451 turns).

hogiebunz the Charlatan (Gnoll Wanderer)            Turns: 2451, Time: 00:10:51

Health: -6/57      AC: 22    Str: 12    XL:     5   Next: 69%
Magic:  9/9        EV:  2    Int:  9    God:
Gold:   164        SH:  0    Dex: 15    Spells: 10/10 levels left

rFire   . . .        o - +1 trident
rCold   . . .        (no shield)
rNeg    . . .        e - melded +0 leather armour
rPois   +            (helmet currently unavailable)
rElec   .            (cloak currently unavailable)
rCorr   +            (gloves currently unavailable)
SInv    .            (boots currently unavailable)
Will    .....        (no amulet)
Stlth   ++           m - ring of resist corrosion
HPRegen 0.29/turn    (no ring)
MPRegen 0.11/turn

%: no passive effects
@: tree-form
A: stationary, stasis, torment immunity, boosted hp, (fangs 1), strong nose,
distributed training
a: no special abilities


You were on level 5 of the Dungeon.
You were a tree.
You visited 1 branch of the dungeon, and saw 5 of its levels.

You collected 164 gold pieces.

Inventory:

Hand Weapons
 a - a +0 sling
 j - a +0 quarterstaff
 o - a +1 trident (weapon)
Armour
 e - a +0 leather armour (melded)
Jewellery
 m - a ring of resist corrosion (left branch)
Wands
 b - a wand of polymorph (11) (quivered)
Scrolls
 g - a scroll of fear {unknown}
 k - a scroll of teleportation
Potions
 d - a potion of heal wounds
 f - a potion of curing
 h - 2 potions of attraction {unknown}
 i - a potion of flight


   Skills:
 + Level 1.6 Fighting
 + Level 1.6 Short Blades
 + Level 1.6 Long Blades
 + Level 1.6 Axes
 + Level 1.6 Maces & Flails
 + Level 1.6 Polearms
 + Level 1.6 Staves
 + Level 6.7 Ranged Weapons
 + Level 3.1 Throwing
 + Level 4.8 Armour
 + Level 1.6 Dodging
 + Level 1.6 Stealth
 + Level 1.6 Shields
 + Level 1.6 Unarmed Combat
 + Level 3.2 Spellcasting
 + Level 1.3 Conjurations
 + Level 1.3 Hexes
 + Level 1.3 Summonings
 + Level 1.3 Necromancy
 + Level 1.3 Translocations
 + Level 1.3 Transmutations
 + Level 1.3 Fire Magic
 + Level 1.3 Ice Magic
 + Level 1.3 Air Magic
 + Level 1.3 Earth Magic
 + Level 1.3 Poison Magic
 + Level 1.9 Invocations
 + Level 6.7 Evocations


You had 10 spell levels left.
You didn't know any spells.
Your spell library contained the following spells:

 Spells                   Type           Power      Damage    Failure   Level
 Freeze                   Ice            12%        1d3       17%         1
 Magic Dart               Conj           12%        1d3       17%         1
 Call Imp                 Summ           6%         N/A       26%         2
 Dazzling Flash           Conj/Hex       6%         N/A       45%         3
 Frozen Ramparts          Ice            6%         1d1       45%         3
 Hailstorm                Conj/Ice       3%         3d3       45%         3
 Mephitic Cloud           Conj/Pois/Air  3%         N/A       45%         3
 Volatile Blastmotes      Fire/Tloc      6%         2d10      45%         3
 Iskenderun's Mystic Bla  Conj/Tloc      3%         2d3       86%         4
 Starburst                Conj/Fire      1%         6d3       100%        6


Dungeon Overview and Level Annotations

Branches:
Dungeon (5/15)
 Temple: D:4-7

Altars:
Dithmenos
Ru
Vehumet

Shops:
D:2 :

Annotations:
D:4 Dowan, Duvessa


Innate Abilities, Weirdness & Mutations

You are a tree.
Your roots penetrate the ground, keeping you stationary.
You cannot be teleported.
You are immune to unholy pain and torment.
Your maximum health is greatly increased.
Your equipment is partially melded.
((You have very sharp teeth.))
Your uncanny sense of smell can sniff out nearby items.
Your experience applies equally to all skills.


Message History

The gnoll is heavily wounded.
The gnoll closely misses you.
You reach to attack!
You hit the gnoll.
The gnoll is almost dead.
The gnoll barely misses you.
You reach to attack!
You hit the gnoll.
You kill the gnoll!
The gnoll hits you from afar with a +0 halberd!
You hit the gnoll. You bite the gnoll, but do no damage.
The gnoll is heavily wounded.
The gnoll closely misses you.
An ogre comes into view. It is wielding a +0 giant club.
The gnoll hits you from afar with a +0 halberd!
The gnoll hits you with a +0 club.
* * * LOW HITPOINT WARNING * * *
You feel much better. The gnoll closely misses you.
The gnoll hits you with a +0 club.
You turn into a tree.
Your +0 leather armour melds into your body.
Your roots penetrate the ground.
The gnoll hits you but does no damage. x2
You hit the gnoll.
The gnoll is severely wounded.
The gnoll hits you but does no damage. The gnoll completely misses you.
You hit the gnoll.
You kill the gnoll!
The gnoll hits you from afar with a +0 halberd!
The ogre hits you with a +0 giant club!!
* * * LOW HITPOINT WARNING * * *
You are too injured to fight recklessly!
You are too injured to fight recklessly!
You are too injured to fight recklessly!
You hit the ogre but do no damage.
The gnoll hits you from afar with a +0 halberd.
* * * LOW HITPOINT WARNING * * *
The ogre hits you with a +0 giant club.
* * * LOW HITPOINT WARNING * * *
You hit the ogre.
The ogre is moderately wounded.
The gnoll hits you but does no damage. The ogre hits you with a +0 giant club!
You die...

#######
##......
......
#....#
##.)g.##
#...O.^#
#..)♣..#
##..........
#####......
...... .....
∆ ..#.. .# .
..


You could see an ogre and a gnoll.

Vanquished Creatures
  A tengu (D:3)
  A hound (D:4)
  An adder (D:4)
  2 gnolls (D:5)
  An ufetubus (D:4)
  3 dart slugs
  2 endoplasms
  5 goblins
  9 hobgoblins
  A quokka (D:1)
  5 ball pythons
  A bat (D:3)
  2 frilled lizards (D:3)
  4 kobolds
  A rat (D:1)
39 creatures vanquished.

Notes
Turn   | Place    | Note
-------+----------+-------------------------------------------
     0 | D:1      | hogiebunz the Gnoll Wanderer began the quest for the Orb.
     0 | D:1      | hogiebunz set off with the following items: a +0 sling, a
                  | wand of polymorph (14), a potion of lignification, a potion
                  | of heal wounds, a +0 leather armour.
     0 | D:1      | Reached XP level 1. HP: 13/13 MP: 4/4
   161 | D:1      | Reached XP level 2. HP: 16/20 MP: 5/5
   344 | D:1      | Found a faded altar of an unknown god.
   779 | D:2      | Found Omyf's Book Shop.
   929 | D:2      | Reached XP level 3. HP: 20/25 MP: 7/7
  1472 | D:3      | Found a sacrificial altar of Ru.
  1492 | D:3      | Reached skill level 1 in Invocations
  1683 | D:3      | Found a radiant altar of Vehumet.
  1686 | D:3      | Found a shadowy altar of Dithmenos.
  2100 | D:4      | Noticed a centaur
  2103 | D:4      | Reached skill level 1 in Fighting
  2103 | D:4      | Reached skill level 1 in Short Blades
  2103 | D:4      | Reached skill level 1 in Long Blades
  2103 | D:4      | Reached skill level 1 in Axes
  2103 | D:4      | Reached skill level 1 in Maces & Flails
  2103 | D:4      | Reached skill level 1 in Polearms
  2103 | D:4      | Reached skill level 1 in Staves
  2103 | D:4      | Reached skill level 1 in Dodging
  2103 | D:4      | Reached skill level 1 in Stealth
  2103 | D:4      | Reached skill level 1 in Shields
  2103 | D:4      | Reached skill level 1 in Unarmed Combat
  2103 | D:4      | Reached XP level 4. HP: 28/32 MP: 8/8
  2103 | D:4      | a centaur changed into an acid dragon
  2103 | D:4      | Noticed an acid dragon
  2104 | D:4      | an acid dragon changed into a fire bat
  2104 | D:4      | Noticed a fire bat
  2232 | D:4      | a fire bat changed into a tengu
  2232 | D:4      | Noticed a tengu
  2245 | D:3      | Killed a tengu
  2246 | D:3      | Reached skill level 1 in Conjurations
  2246 | D:3      | Reached skill level 1 in Hexes
  2246 | D:3      | Reached skill level 1 in Summonings
  2246 | D:3      | Reached skill level 1 in Necromancy
  2246 | D:3      | Reached skill level 1 in Translocations
  2246 | D:3      | Reached skill level 1 in Transmutations
  2246 | D:3      | Reached skill level 1 in Fire Magic
  2246 | D:3      | Reached skill level 1 in Ice Magic
  2246 | D:3      | Reached skill level 1 in Air Magic
  2246 | D:3      | Reached skill level 1 in Earth Magic
  2246 | D:3      | Reached skill level 1 in Poison Magic
  2246 | D:3      | Reached XP level 5. HP: 21/37 MP: 9/9
  2340 | D:4      | Noticed Dowan
  2341 | D:4      | Noticed Duvessa
  2432 | D:4      | Noticed an ogre
  2440 | D:5      | Entered Level 5 of the Dungeon
  2445 | D:5      | Noticed an ogre
  2451 | D:5      | Mangled by an ogre

Illustrated notes

Levels and vault maps discovered:
D:1:      moated_graveyard_arrival, layout_loops_ring, basic_ecumenical_altar,
          grunt_decor_one_mirror
D:2:      layout_basic, serial_shops, nicolae_shop_tiny_statue_garden
D:3:      layout_basic, nicolae_overflow_crystal_walls, lemuel_doored_altar,
          fiery_altar_vehumet
D:4:      layout_rooms, nicolae_overflow_hidden_temple, serial_shops, shop,
          uniq_duvessa
D:5:      layout_cave_pools, nicolae_qazlal_eye_of_the_storm,
          old_standard_altar, gammafunk_temple_overflow_arena, uniq_sigmund

Skill      XL: |  1  2  3  4 |
---------------+-------------+-----
Invocations    | 1 |  1.9
Fighting       | 1 |  1.6
Short Blades   | 1 |  1.6
Long Blades    | 1 |  1.6
Axes           | 1 |  1.6
Maces & Flails | 1 |  1.6
Polearms       | 1 |  1.6
Staves         | 1 |  1.6
Dodging        | 1 |  1.6
Stealth        | 1 |  1.6
Shields        | 1 |  1.6
Unarmed Combat | 1 |  1.6
Spellcasting   | 3 |  3.2
Throwing       | 3 |  3.1
Conjurations   | 1 |  1.3
Hexes          | 1 |  1.3
Summonings     | 1 |  1.3
Necromancy     | 1 |  1.3
Translocations | 1 |  1.3
Transmutations | 1 |  1.3
Fire Magic     | 1 |  1.3
Ice Magic      | 1 |  1.3
Air Magic      | 1 |  1.3
Earth Magic    | 1 |  1.3
Poison Magic   | 1 |  1.3
Ranged Weapons | |  6.7
Armour         | |  4.8
Evocations     | |  6.7

Action                     |  1- 3 |  4- 6 || total
---------------------------+-------+-------++-------
  Melee: Quarterstaff      |    13 |       ||    13
         Trident           |    46 |    33 ||    79
         Bite              |     8 |     2 ||    10
         Punch             |     1 |       ||     1
   Fire: Sling             |    45 |       ||    45
  Evoke: Wand              |       |     3 ||     3
    Use: Scroll            |     7 |       ||     7
         Potion            |       |     4 ||     4
   Stab: Sleeping          |       |     1 ||     1
 Armour: Leather armour    |    19 |    13 ||    32
         Skin              |       |     4 ||     4
  Dodge: Dodged            |    36 |    30 ||    66
